[Event "CZE-ch U12 Open 2023"]
[Site "Teplice"]
[Date "2023.03.11"]
[Round "1.1"]
[White "Sochor, Vaclav"]
[Black "Mik, Tomas"]
[Result "0-1"]
[Annotator "TA"]
[ECO "B00"]
[WhiteElo "1503"]
[BlackElo "1911"]
[PlyCount "78"]
[EventDate "2023.03.09"]
[EventType "swiss"]
[EventCountry "CZE"]
[SourceTitle "playchess.com"]
[Source "ChessBase"]
[SourceQuality "1"]
[TimeControl "40/5400+30:1800+30"]

1. e4 d6 2. d4 e5 3. dxe5 dxe5 4. Qxd8+ Kxd8 5. Nf3 Bd6 6. Nc3 Nf6 7. Bg5 c6 8. O-O-O {[%emt 0:06:01] B07: Pirc Defence: Miscellaneous Systems.} Ke7 9. Be2 (9. Bc4 {is interesting.} Bc7 10. Nh4 h6 11. Nf5+) 9... Be6 {[%emt 0:09:15] [#]} (9... Nbd7 $11) 10. Nd2 $146 (10. Rxd6 $14 Kxd6 11. Rd1+ Kc7 12. Nxe5) ({Predecessor:} 10. Nh4 Nbd7 11. Nf5+ Bxf5 12. exf5 h6 13. Bh4 Rhd8 14. Ne4 Bc7 15. Rhe1 Kf8 16. Bd3 {½-½ Fedoseev,V (2674)-Grandelius,N (2663) Titled Tuesday intern op 29th Dec blitz 2020 (8)}) 10... Nbd7 11. Bc4 h6 12. Bh4 b5 13. Bxe6 Kxe6 14. f3 a5 15. Rhf1 g5 (15... a4 $142) 16. Bf2 $11 a4 17. Ncb1 (17. Rg1 {looks sharper.} Bc5 18. Bxc5 Nxc5 19. Nf1) 17... Ne8 18. a3 Nc7 19. Be3 Nf8 20. c4 Na6 (20... Nd7 {keeps more tension.} 21. cxb5 Nxb5 22. Nc4 Bc5) 21. Nc3 Rb8 22. cxb5 cxb5 23. Nd5 Nd7 24. Kb1 Rhc8 25. h4 f6 (25... b4 {seems wilder.} 26. axb4 Nxb4 27. Rc1 gxh4 28. Rxc8 Rxc8 29. Rh1 Nxd5 30. exd5+ Kxd5 31. Rxh4 a3) 26. hxg5 hxg5 27. g3 (27. Rc1 $11) 27... b4 $1 $15 28. axb4 Nxb4 29. Nxb4 (29. Rc1 $15) 29... Rxb4 (29... Bxb4 $17 30. Rc1 Bc3) 30. Rc1 Rcb8 31. Nc4 (31. Rc6 $11 Rd8 32. Rc3) 31... Bc5 $17 32. Bd2 Rb3 {[%emt 0:02:21] [#] ...Bd4 is the strong threat.} 33. Rc3 (33. Bc3 $17) 33... Bd4 $19 34. Rxb3 Rxb3 ({Inferior is} 34... axb3 35. g4 $15) 35. Kc2 $2 (35. Ba5) 35... Nb6 {[%emt 0:00:57][%mdl 64] [#] Deflection. Black is clearly winning.} 36. Nxb6 (36. Na3 $142 Rxb2+ 37. Kd1) 36... Rxb2+ ({And not} 36... Rxb6 37. Bc3 $17) 37. Kd3 Rxb6 38. Rc1 a3 {[%emt 0:00:13] Hoping for ...a2.} 39. Bc3 Rb3 {[%emt 0:00:45] Weighted Error Value: White=0.60/Black=0.16 (very precise)} 0-1

[Event "CZE-ch U12 Open 2023"]
[Site "Teplice"]
[Date "2023.03.11"]
[Round "1.2"]
[White "Mikulka, Martin Michael"]
[Black "Rendl, Lubos"]
[Result "0-1"]
[Annotator "NA RC COMBH"]
[ECO "B33"]
[WhiteElo "1786"]
[BlackElo "1477"]
[PlyCount "92"]
[EventDate "2023.03.09"]
[EventType "swiss"]
[EventCountry "CZE"]
[SourceTitle "playchess.com"]
[Source "ChessBase"]
[SourceQuality "1"]
[TimeControl "40/5400+30:1800+30"]

1. e4 c5 2. Nf3 Nc6 3. d4 cxd4 4. Nxd4 Nf6 5. Nc3 e5 6. Ndb5 d6 7. Bg5 a6 8. Na3 b5 9. Nd5 Be7 10. Bxf6 Bxf6 11. c3 O-O 12. Nc2 Bg5 13. h4 Bh6 14. g4 g6 15. g5 Bg7 16. Nce3 f5 17. f3 Ra7 18. Qd2 fxe4 19. fxe4 Be6 20. Bh3 Bxh3 21. Rxh3 Raf7 22. Rh2 b4 23. O-O-O bxc3 24. bxc3 Qa5 25. Qc2 Rb8 26. Rdd2 Rfb7 27. Kd1 Qb5 28. Rhf2 Na5 29. Nb4 Bf8 30. Ng4 Nc4 31. Rd5 Qb6 32. Ke2 a5 33. Nd3 Qc6 34. Nf6+ Kg7 35. Kf3 Qc8 36. Ng4 Rf7+ 37. Kg3 Rbb7 38. Rxf7+ Rxf7 39. Qc1 Be7 40. Nh6 Rf8 41. Rb5 Qc6 42. Rd5 Qa4 43. Qb1 Nd2 44. Nc5 dxc5 45. Rxd2 Qc4 46. Qb7 Qxc3+ 0-1

[Event "CZE-ch U12 Open 2023"]
[Site "Teplice"]
[Date "2023.03.11"]
[Round "1.3"]
[White "Hladky, Mikulas"]
[Black "Kroulik, Vaclav"]
[Result "1/2-1/2"]
[Annotator "NA RC COMBH"]
[ECO "A04"]
[WhiteElo "1476"]
[BlackElo "1772"]
[PlyCount "130"]
[EventDate "2023.03.09"]
[EventType "swiss"]
[EventCountry "CZE"]
[SourceTitle "playchess.com"]
[Source "ChessBase"]
[SourceQuality "1"]
[TimeControl "40/5400+30:1800+30"]

1. Nf3 c5 2. c4 g6 3. e3 Bg7 4. Nc3 Nc6 5. b3 Nf6 6. Bb2 O-O 7. Be2 d6 8. O-O a6 9. d4 cxd4 10. Nxd4 Nxd4 11. exd4 Bd7 12. Bf3 Bc6 13. Bxc6 bxc6 14. Re1 Qd7 15. Qe2 Rfe8 16. Ne4 Nxe4 17. Qxe4 d5 18. Qd3 Qb7 19. c5 a5 20. Bc3 Qc7 21. Re3 e6 22. g3 Re7 23. Rae1 Rae8 24. f4 Ra8 25. R3e2 Ree8 26. Kg2 Qb7 27. Kg1 Qa6 28. Qxa6 Rxa6 29. Kf2 Raa8 30. Kf3 Kf8 31. Re3 Ke7 32. Ke2 Kd7 33. Kd3 Bf6 34. Kd2 Bd8 35. Kd3 Bc7 36. Kd2 Rg8 37. Kd3 Rae8 38. Rf3 h6 39. Kd2 f5 40. Kd3 g5 41. Bd2 g4 42. Rf2 Rg6 43. Rh1 Reg8 44. Rff1 h5 45. Rf2 h4 46. Rff1 Rh8 47. Rhg1 hxg3 48. hxg3 Rh2 49. Re1 Rgh6 50. Re2 Rxe2 51. Kxe2 Rh2+ 52. Kd3 Rh3 53. Kc2 Rh6 54. a4 Kc8 55. Kd3 Kb7 56. Kc2 Ka6 57. Re1 Kb7 58. Re2 Kc8 59. Be1 Kd7 60. Kd3 Rh3 61. Re3 Rh1 62. Re2 Rh3 63. Re3 Ke7 64. Kd2 Kf6 65. Kd3 Ke7 1/2-1/2

[Event "CZE-ch U12 Open 2023"]
[Site "Teplice"]
[Date "2023.03.11"]
[Round "1.4"]
[White "Bara, Jan"]
[Black "Maly, Jiri"]
[Result "1-0"]
[Annotator "NA RC COMBH"]
[ECO "C47"]
[WhiteElo "1712"]
[BlackElo "1520"]
[PlyCount "77"]
[EventDate "2023.03.09"]
[EventType "swiss"]
[EventCountry "CZE"]
[SourceTitle "playchess.com"]
[Source "ChessBase"]
[SourceQuality "1"]
[TimeControl "40/5400+30:1800+30"]

1. e4 e5 2. Nf3 Nc6 3. Nc3 Nf6 4. d4 exd4 5. Nxd4 Nxe4 6. Nxe4 Qe7 7. f3 d5 8. Bb5 Bd7 9. Bxc6 bxc6 10. O-O dxe4 11. Re1 O-O-O 12. Rxe4 Qb4 13. Nb3 Bf5 14. Qxd8+ Kxd8 15. Rxb4 Bxb4 16. c3 Bd6 17. Be3 a6 18. Na5 Kd7 19. Rd1 Be6 20. c4 Kc8 21. c5 Be5 22. Nxc6 Bf6 23. b3 Kb7 24. Nb4 a5 25. c6+ Kc8 26. Na6 Rd8 27. Rxd8+ Kxd8 28. Nc5 Bc3 29. Bg5+ Kc8 30. Nxe6 fxe6 31. Kf2 Bd4+ 32. Ke2 Kb8 33. Kd3 Bg1 34. Bf4 Bb6 35. Ke4 Kc8 36. Ke5 Kd8 37. Kxe6 Ke8 38. Be5 g6 39. g4 1-0

[Event "CZE-ch U12 Open 2023"]
[Site "Teplice"]
[Date "2023.03.11"]
[Round "1.5"]
[White "Frantsev, Iegor"]
[Black "Chernyy, Andrey"]
[Result "0-1"]
[Annotator "NA RC COMBH"]
[ECO "C45"]
[WhiteElo "1424"]
[BlackElo "1605"]
[PlyCount "92"]
[EventDate "2023.03.09"]
[EventType "swiss"]
[EventCountry "CZE"]
[SourceTitle "playchess.com"]
[Source "ChessBase"]
[SourceQuality "1"]
[TimeControl "40/5400+30:1800+30"]

1. e4 e5 2. Nf3 Nc6 3. d4 exd4 4. Nxd4 Nf6 5. Nxc6 bxc6 6. e5 Qe7 7. Qe2 Nd5 8. c4 Ba6 9. b3 g6 10. Ba3 d6 11. Bb2 Bg7 12. g3 O-O 13. Bg2 Rae8 14. O-O Bxe5 15. Bxe5 Qxe5 16. Qxe5 Rxe5 17. cxd5 Bxf1 18. Kxf1 cxd5 19. Nc3 c6 20. Bf3 f5 21. Rd1 f4 22. Bg4 fxg3 23. hxg3 Rf7 24. Kg2 Kg7 25. Kf1 Re3 26. Ne2 h5 27. Bh3 g5 28. Ng1 g4 29. Bg2 Rxg3 30. Ne2 Re3 31. Nd4 Rc3 32. Kg1 Kf6 33. Re1 Re7 34. Rd1 Re5 35. Kf1 h4 36. Kg1 h3 37. Bh1 Ke7 38. Kh2 a6 39. b4 Kd7 40. Nb3 Re2 41. Kg1 g3 42. Nd4 Rxf2 43. Nf3 h2+ 44. Nxh2 Rxh2 45. Rf1 Ra3 46. Rf7+ Ke6 0-1

[Event "CZE-ch U12 Open 2023"]
[Site "Teplice"]
[Date "2023.03.11"]
[Round "1.6"]
[White "Mydlar, Matej"]
[Black "Rudlof, Adam"]
[Result "1-0"]
[Annotator "NA RC COMBH"]
[ECO "B72"]
[WhiteElo "1586"]
[BlackElo "1409"]
[PlyCount "113"]
[EventDate "2023.03.09"]
[EventType "swiss"]
[EventCountry "CZE"]
[SourceTitle "playchess.com"]
[Source "ChessBase"]
[SourceQuality "1"]
[TimeControl "40/5400+30:1800+30"]

1. e4 c5 2. Nf3 d6 3. d4 cxd4 4. Nxd4 Nf6 5. Nc3 g6 6. Be2 Bg7 7. Be3 Nc6 8. Qd2 O-O 9. f3 d5 10. O-O-O Nxd4 11. Bxd4 dxe4 12. fxe4 Qa5 13. Kb1 Rd8 14. Qe3 Be6 15. a3 Rac8 16. Rhf1 Bg4 17. e5 Bxe2 18. Qxe2 Nd5 19. Ne4 h6 20. Qf3 Rf8 21. g4 Qc7 22. Qe2 Bxe5 23. g5 h5 24. Bxe5 Qxe5 25. Nf6+ exf6 26. Qxe5 fxe5 27. Rxd5 Rfd8 28. Rxe5 Rd2 29. c3 Rxh2 30. Re7 Rg2 31. Rfxf7 Rxg5 32. Rxb7 a5 33. Rg7+ Kf8 34. Rbf7+ Ke8 35. Rf6 Rg1+ 36. Ka2 Rc5 37. Rfxg6 Rxg6 38. Rxg6 Kd7 39. Kb3 Rb5+ 40. Kc2 Kc7 41. c4 Rf5 42. Rh6 Rg5 43. b4 Rg2+ 44. Kb3 axb4 45. axb4 Rg5 46. Ka4 Kb7 47. c5 Kc7 48. Kb5 Kb7 49. Rh7+ Kc8 50. Kb6 Rg4 51. b5 Kd8 52. Rxh5 Rg6+ 53. c6 Rg8 54. Kb7 Rg7+ 55. Kb8 Rg8 56. c7+ Kd7+ 57. Kb7 1-0

[Event "CZE-ch U12 Open 2023"]
[Site "Teplice"]
[Date "2023.03.11"]
[Round "1.7"]
[White "Tejnor, Martin"]
[Black "Migalko, Dmitriy"]
[Result "1-0"]
[Annotator "NA RC COMBH"]
[ECO "B40"]
[WhiteElo "1360"]
[BlackElo "1581"]
[PlyCount "83"]
[EventDate "2023.03.09"]
[EventType "swiss"]
[EventCountry "CZE"]
[SourceTitle "playchess.com"]
[Source "ChessBase"]
[SourceQuality "1"]
[TimeControl "40/5400+30:1800+30"]

1. e4 c5 2. Nf3 e6 3. Nc3 a6 4. Be2 d5 5. exd5 exd5 6. d4 Nf6 7. Bg5 Be6 8. O-O Be7 9. dxc5 O-O 10. Nd4 Bxc5 11. Bf3 Nc6 12. Be3 Bd6 13. a3 Qc7 14. g3 Ne5 15. Bg2 Neg4 16. Bd2 Bc5 17. Bf4 Bd6 18. Bxd6 Qxd6 19. Re1 Rae8 20. Qd2 Ne5 21. Rad1 Nc4 22. Qc1 Bd7 23. Rxe8 Rxe8 24. Nb3 Bc6 25. Bf1 Ne5 26. Nd4 Qc5 27. Nb3 Qb6 28. Bg2 Neg4 29. Qf4 h6 30. h3 g5 31. Qd2 Ne5 32. Qd4 Qc7 33. Nc5 Rd8 34. f4 Ned7 35. Nxd7 Nxd7 36. Bxd5 gxf4 37. Bxc6 Qxc6 38. Qxf4 Qb6+ 39. Qd4 Qxb2 40. Nd5 Qxd4+ 41. Rxd4 Kf8 42. Ne3 1-0

[Event "CZE-ch U12 Open 2023"]
[Site "Teplice"]
[Date "2023.03.11"]
[Round "1.8"]
[White "Sochor, Antonin"]
[Black "Krisica, Lukas"]
[Result "1-0"]
[Annotator "NA RC COMBH"]
[ECO "A46"]
[WhiteElo "1574"]
[BlackElo "1342"]
[PlyCount "63"]
[EventDate "2023.03.09"]
[EventType "swiss"]
[EventCountry "CZE"]
[SourceTitle "playchess.com"]
[Source "ChessBase"]
[SourceQuality "1"]
[TimeControl "40/5400+30:1800+30"]

1. d4 Nf6 2. Nf3 e6 3. Bf4 b6 4. e3 Bb7 5. c4 Bb4+ 6. Nc3 Ne4 7. Rc1 Bxc3+ 8. bxc3 d6 9. Be2 f5 10. O-O g5 11. Bg3 h5 12. h3 g4 13. Bh4 Qd7 14. Ng5 Nxg5 15. Bxg5 Qg7 16. h4 Nd7 17. f3 Nf6 18. Qa4+ Qd7 19. Qb3 Nh7 20. Bf4 gxf3 21. Bxf3 Bxf3 22. Rxf3 Rg8 23. c5 dxc5 24. dxc5 O-O-O 25. Rf2 Nf6 26. cxb6 axb6 27. Qc4 Ne4 28. Qa6+ Kb8 29. Qxb6+ Kc8 30. Qa6+ Kb8 31. Rb1+ Qb5 32. Rxb5# 1-0

[Event "CZE-ch U12 Open 2023"]
[Site "Teplice"]
[Date "2023.03.11"]
[Round "1.9"]
[White "Sudrich, Radek"]
[Black "Boff, Ondrej"]
[Result "0-1"]
[Annotator "TA"]
[ECO "B32"]
[WhiteElo "2054"]
[BlackElo "1561"]
[PlyCount "98"]
[EventDate "2023.03.09"]
[EventType "swiss"]
[EventCountry "CZE"]
[SourceTitle "playchess.com"]
[Source "ChessBase"]
[SourceQuality "1"]
[TimeControl "40/5400+30:1800+30"]

1. e4 c5 2. Nf3 Nc6 3. d4 cxd4 4. Nxd4 e5 5. Nb3 Nf6 6. Bg5 Be7 7. Bxf6 Bxf6 8. Nc3 O-O 9. Bc4 a6 10. O-O d6 11. Bd5 {[%emt 0:01:15] B94: Sicilian Najdorf: 6 Bg5 Nbd7.} Be6 12. Bxe6 fxe6 13. Qg4 {[%emt 0:00:24] The position is equal.} Qe7 {[%emt 0:01:59] [#]} 14. Ne2 $146 ({Predecessor:} 14. Rad1 Rac8 15. g3 Kh8 16. h4 Nd4 17. Rd2 b5 18. Nxd4 exd4 19. Ne2 e5 20. c3 {1-0 Korchmar,V (2450)-Rasulov,V (2478) Titled Tuesday intern op 18th May blitz 2021 (8)}) 14... d5 15. Rad1 Rfd8 16. exd5 exd5 17. Ng3 e4 18. Nf5 Qc7 19. Nc5 {[%emt 0:02:30] A dynamic duo of knights.} Ne5 {[%emt 0:05:45][%mdl 64] [#] Discovered Attack} 20. Nh6+ {[%emt 0:11:06] Black keeps a firm grip on the game.} (20. Ne6 $11 Qb6 21. Qh3) 20... Kh8 $19 21. Ne6 Qe7 ({Worse is} 21... gxh6 22. Nxc7 Nxg4 23. Nxa8 $15) (21... Qxc2 22. Nxd8 Rxd8 23. Qe6 $14) 22. Nxd8 Rxd8 ({Weaker is} 22... Nxg4 23. Ndf7+ $16) 23. Nf5 Nxg4 {[%emt 0:00:49][%mdl 64] [#] Discovered Attack} 24. Nxe7 Bxe7 25. h3 Nf6 26. Rfe1 Kg8 27. Re3 Rc8 28. c3 Kf7 29. g4 Rd8 30. Re2 g5 31. Kg2 Ke6 32. f3 Rd6 33. h4 gxh4 34. g5 $2 (34. fxe4 {is a better chance.} dxe4 35. Rxd6+ Kxd6 36. g5) 34... Nh5 {[%emt 0:00:37] Hoping for ...Nf4+.} 35. Kh2 Nf4 36. Re3 Kf5 37. fxe4+ dxe4 (37... Kxg5 $2 {perishes.} 38. exd5 Rd7 39. Rg1+ Kf6 40. Rf1 $19) 38. Rde1 Rd2+ 39. Kh1 Ng2 40. Rf1+ Ke5 41. Rh3 e3 {[%emt 0:30:51] ( -> ...e2)} 42. Rff3 e2 {[%emt 0:00:52] Black mates.} 43. Re3+ Nxe3 44. Rxe3+ Kf4 45. Rxe7 {[%emt 0:00:14] KR-KR} Rd1+ 46. Kg2 e1=Q 47. Rf7+ Kxg5 48. Rg7+ Kh6 49. Rxb7 Qg3# {[%emt 0:00:12] Weighted Error Value: White=0.94/Black=0.09 (flawless)} 0-1

[Event "CZE-ch U12 Open 2023"]
[Site "Teplice"]
[Date "2023.03.11"]
[Round "1.10"]
[White "Policar, Martin"]
[Black "Kupka, Alexandr"]
[Result "1-0"]
[Annotator "NA RC COMBH"]
[ECO "C68"]
[WhiteElo "1552"]
[BlackElo "1220"]
[PlyCount "95"]
[EventDate "2023.03.09"]
[EventType "swiss"]
[EventCountry "CZE"]
[SourceTitle "playchess.com"]
[Source "ChessBase"]
[SourceQuality "1"]
[TimeControl "40/5400+30:1800+30"]

1. e4 e5 2. Nf3 Nc6 3. Bb5 a6 4. Bxc6 dxc6 5. d4 exd4 6. Qxd4 Qxd4 7. Nxd4 Nf6 8. O-O Bc5 9. c3 O-O 10. e5 Nd5 11. Nb3 Ba7 12. Bd2 Be6 13. Na3 Rfd8 14. Nc2 Nb4 15. Nxb4 Bxb3 16. Bg5 Bc4 17. Bxd8 Bxf1 18. Bxc7 Rc8 19. Kxf1 Rxc7 20. Rd1 h6 21. Rd8+ Kh7 22. Ke2 Re7 23. f4 g5 24. g3 f6 25. Nd3 Bg1 26. Kf1 Bxh2 27. exf6 Rf7 28. Kg2 Bxg3 29. Kxg3 gxf4+ 30. Nxf4 Rxf6 31. Rd7+ Kg8 32. Rxb7 Rd6 33. Kf3 Rf6 34. Ke4 Kf8 35. Ke5 Rf7 36. Rxf7+ Kxf7 37. b4 Ke7 38. a4 Kd7 39. c4 Kc7 40. Ke6 c5 41. b5 Kb7 42. Kd6 Kb6 43. bxa6 Ka7 44. Kxc5 Kb8 45. Kb6 Ka8 46. a7 h5 47. Nd5 h4 48. Nc7# 1-0

[Event "CZE-ch U12 Open 2023"]
[Site "Teplice"]
[Date "2023.03.11"]
[Round "1.11"]
[White "Mazurek, Richard"]
[Black "Komarek, Tobias"]
[Result "0-1"]
[Annotator "NA RC COMBH"]
[ECO "B39"]
[WhiteElo "1137"]
[BlackElo "1515"]
[PlyCount "116"]
[EventDate "2023.03.09"]
[EventType "swiss"]
[EventCountry "CZE"]
[SourceTitle "playchess.com"]
[Source "ChessBase"]
[SourceQuality "1"]
[TimeControl "40/5400+30:1800+30"]

1. e4 c5 2. Nf3 Nc6 3. d4 cxd4 4. Nxd4 g6 5. c4 Bg7 6. Be3 Nf6 7. Nc3 Ng4 8. Qxg4 Nxd4 9. Qd1 Ne6 10. Rc1 O-O 11. Be2 d6 12. O-O Bd7 13. b3 Bc6 14. f3 a5 15. Nd5 Bxd5 16. cxd5 Nc5 17. Kh1 b6 18. Bb5 Nd7 19. Bxd7 Qxd7 20. Bxb6 Qb5 21. Bd4 Bxd4 22. Qxd4 Rfc8 23. h3 Rc5 24. Rfe1 Rac8 25. Rxc5 Rxc5 26. Qd2 Qb4 27. Qe3 Rc3 28. Qe2 a4 29. bxa4 Qxa4 30. Qb2 Rc2 31. Qb8+ Kg7 32. Qb3 Qxa2 33. Qxa2 Rxa2 34. Rb1 Kf6 35. Kh2 e6 36. Rb6 Ke5 37. dxe6 fxe6 38. f4+ Kxf4 39. Rxd6 Ke5 40. Rb6 Ra4 41. Kg3 Rxe4 42. Kf3 Rd4 43. Ke3 Rd5 44. Rb7 h5 45. g4 hxg4 46. hxg4 Rd4 47. Rb5+ Rd5 48. Rb6 Kf6 49. Ke4 Re5+ 50. Kf4 g5+ 51. Kf3 Rc5 52. Rb4 Rc3+ 53. Kg2 Rd3 54. Kf2 Ke5 55. Rb5+ Rd5 56. Rb4 Rd4 57. Rb5+ Kf4 58. Rb6 Re4 0-1